 Dungeon Crawl Stone Soup version 0.25-a0-310-g60f0ac2 (webtiles) character file.

Game seed: 15769255871628514065, levelgen mode: deterministic

77872 CanOfBees the Warrior (level 15, -3/143 HPs)
             Began as a Red Draconian Conjurer on Dec 24, 2019.
             Was a High Priest of Okawaru.
             Slain by an ogre mage
             ... wielding a +0 flail
              (15 damage)
             ... on level 14 of the Dungeon on Dec 25, 2019.
             The game lasted 01:09:30 (39226 turns).

CanOfBees the Warrior (Red Draconian Conjurer)     Turns: 39226, Time: 01:09:30

Health: -3/143     AC: 11    Str: 14    XL:     15   Next: 16%
Magic:  18/24      EV: 22    Int: 20    God:    Okawaru [*****.]
Gold:   1227       SH: 13    Dex: 13    Spells: 5/26 levels left

rFire    + + .     SeeInvis .   b - +4 whip (elec)
rCold    + . .     Gourm    .   K - +3 buckler
rNeg     . . .     Faith    .   (armour unavailable)
rPois    .         Spirit   .   (helmet restricted)
rElec    .         Reflect  +   B - scarf {rC+ rF+}
rCorr    .         Harm     .   G - +1 pair of gloves
MR       +....                  (no boots)
Stlth    +++.......             V - +4 amulet of reflection (curse)
HPRegen  0.33/turn              c - ring of flight
MPRegen  0.19/turn              t - +3 ring of strength

@: lethally poisoned (-3 -> -4), heroism, finesse, very slightly contaminated,
invisible
A: breathe fire, unfitting armour, fire resistance 1, cold-blooded, AC +9
a: Breathe Fire, Heroism, Finesse, Renounce Religion, Evoke Flight


You were on level 14 of the Dungeon.
You worshipped Okawaru.
Okawaru was extremely pleased with you.
You were not hungry.

You visited 4 branches of the dungeon, and saw 22 of its levels.
You also visited: Ice Cave and Volcano.

You collected 1339 gold pieces.
You spent 112 gold pieces at shops.

Inventory:

Hand Weapons
 a - a +3 dagger of venom
 b - a +4 whip of electrocution (weapon)
 w - a +4 morningstar
Missiles
 k - 5 silver boomerangs
 m - 953 arrows
 p - 3 curare-tipped darts
 y - 8 javelins
 z - 721 stones (quivered)
 C - 3 boomerangs
 O - 48 poisoned darts
Armour
 e - a +1 cloak
 B - a scarf of resistance (worn)
 G - a +1 pair of gloves (worn)
 K - a +3 buckler (worn)
Jewellery
 c - a ring of flight (left hand)
 n - an uncursed ring of poison resistance
 t - a +3 ring of strength (right hand)
 M - an uncursed ring of stealth
 V - a cursed +4 amulet of reflection (around neck)
Wands
 u - a wand of acid (8)
 D - a wand of digging (3)
 H - a wand of enslavement (4)
 U - a wand of flame (68)
Scrolls
 g - 10 scrolls of remove curse
 j - 5 scrolls of enchant armour
 q - 3 scrolls of enchant weapon
 s - 2 scrolls of immolation {unknown}
 A - 2 scrolls of magic mapping
 P - a scroll of fear
 T - a scroll of silence {unknown}
 W - 3 scrolls of vulnerability
 X - a scroll of summoning
Potions
 h - 3 potions of flight
 r - 6 potions of haste
 v - a potion of experience {unknown}
 x - 2 potions of lignification
 F - a potion of magic
 L - a potion of cancellation
 Q - a potion of invisibility
 R - 2 potions of mutation {unknown}
 Y - 6 potions of agility
Miscellaneous
 f - a fan of gales
 o - a sack of spiders
Comestibles
 d - 11 chunks of flesh
 E - 25 rations


   Skills:
 + Level 15.7(20.7) Fighting
 - Level 12.0(17.0) Maces & Flails
 + Level 10.9(15.9) Dodging
 - Level 1.7(6.7) Stealth
 - Level 4.0(9.0) Shields
 - Level 6.0 Spellcasting
 - Level 10.0 Conjurations
 - Level 6.0 Hexes
 - Level 4.0 Translocations
 - Level 8.0 Invocations


You had 5 spell levels left.
You knew the following spells:

 Your Spells              Type           Power        Failure   Level  Hunger
a - Magic Dart            Conj           ####         1%          1    None
b - Searing Ray           Conj           #####.       1%          2    None
c - Iskenderun's Mystic   Conj/Tloc      ####....     6%          4    ####...
d - Fulminant Prism       Conj/Hex       #####.....   3%          4    ####...
e - Dazzling Flash        Conj/Hex       #####.       1%          3    ##.....
f - Corona                Hex            ####...      1%          1    None
g - Confuse               Hex            ####....     2%          3    ##.....
h - Tukima's Dance        Hex            ####....     2%          3    ##.....

Your spell library contained the following spells:

 Spells                   Type           Power        Failure   Level  Hunger
 Foxfire                  Conj/Fire      ####         1%          1    None
 Ensorcelled Hibernation  Hex/Ice        ###...       4%          2    None
 Portal Projectile        Hex/Tloc       ####..       4%          3    ##.....
 Gell's Gravitas          Tloc           ###.......   6%          3    ##.....
 Cause Fear               Hex            ####......   9%          4    ####...
 Leda's Liquefaction      Hex/Erth       ###.......   30%         4    ####...
 Bolt of Magma            Conj/Fire/Erth ###.......   58%         5    #####..
 Iron Shot                Conj/Erth      ####......   90%         6    #######
 Dispersal                Tloc           ###.......   97%         6    #######
 Statue Form              Tmut/Erth      #........    100%        6    #######
 Dragon Form              Tmut           #.........   100%        7    #######
 Controlled Blink         Tloc           N/A          100%        8    #######
 Disjunction              Tloc           ###.......   100%        8    #######
 Dragon's Call            Summ           #.........   100%        9    #######
 Shatter                  Erth           #.........   100%        9    #######


Dungeon Overview and Level Annotations

Branches:
Dungeon (14/15)            Temple (1/1) D:6            Lair (6/6) D:10
 Shoals (0/4) Lair:4       Spider (0/4) Lair:4        Slime (0/5) Lair:5
    Orc (1/2) D:12         Vaults (0/5) D:14          IceCv (visited)
Volcano (visited)

Altars:
Ashenzari
Cheibriados
Elyvilon
Gozag
Kikubaaqudgha
Makhleb
Nemelex Xobeh
Okawaru
Qazlal
Ru
Sif Muna
Uskayaw
Vehumet
Wu Jian
Xom
Yredelemnul
Zin
Jiyva

Shops:
D:4 [

Annotations:
D:3 3 runed translucent doors, handsome's ghost, amateur OgHu
D:8 2 transporters, operationiv's ghost, novice MiFi
D:9 2 transporters, Clumpoid's ghost, journeyman HOFi
D:14 Rupert


Innate Abilities, Weirdness & Mutations

You can breathe blasts of fire.
Your fiery red scales are hard. (AC +9)
You cannot fit into any form of body armour.
Your flesh is heat resistant. (rF+)
You are cold-blooded and may be slowed by cold attacks.


Message History

You feel sick. The two-headed ogre closely misses you.
The two-headed ogre completely misses you.
You are very lightly contaminated with residual magic.
You hit the two-headed ogre.
Lightning courses through the two-headed ogre!
The two-headed ogre is moderately wounded.
You block the two-headed ogre's attack. x2
You strike the helpless two-headed ogre from behind!
You hit the two-headed ogre.
The two-headed ogre is moderately wounded.
You whack the two-headed ogre!
Lightning courses through the two-headed ogre!!
The two-headed ogre is almost dead.
You catch the helpless two-headed ogre completely off-guard!
You whack the two-headed ogre!
Lightning courses through the two-headed ogre!
You kill the two-headed ogre!
Okawaru accepts your kill.
You feel sick. Something hits you!
You die... .##.......##....# .P... ................# P.P...P (.....O##...T...# P.P.P.P P .(.....########## P...P.P...P ..(....# PPPPP.P...P .....((######### P......... ...............# PPP.PPPPP

#.....)....[...######..#..#
##)###......).O{@(........#
#.# #......).O###.....##.#
#.# #.........# #.....##.#
#.# #.........# #.....##.##
#.# #.........# #.....##..#
#.# #######.### #.....###.#
#.# #.# #.....# #.## .# #.#
#.# #.[...###..##.# ##.#
#.# #####.......#.#


You could see 2 ogres.

Vanquished Creatures
  Frances (D:12)
  2 slime creatures (D:12)
  A fire dragon (Lair:6)
  9 hydras
  3 vault guards (D:14)
  5 centaur warriors
  A catoblepas (D:13)
  Erica (D:8)
  5 two-headed ogres
  A death yak (Lair:4)
  A tengu warrior (D:13)
  A hell knight (Volcano)
  A swamp dragon (Lair:6)
  2 wizards (D:14)
  A lindwurm (Lair:4)
  A deep elf mage (D:14)
  An oklob plant (Lair:3)
  4 cyclopes
  2 manticores
  7 ugly things
  4 black mambas
  An orc sorcerer (D:12)
  4 centaur zombies
  An ice statue (IceCv)
  8 elephants
  2 molten gargoyles (Volcano)
  A gargoyle (D:12)
  7 spiny frogs
  3 kobold demonologists (D:14)
  8 rime drakes
  An efreet (D:12)
  2 yaktaurs (Volcano)
  A rime drake (shapeshifter) (D:14)
  7 komodo dragons
  5 jumping spiders (Lair:4)
  6 trolls
  3 hornets
  Prince Ribbit (D:6)
  17 blink frogs
  10 hippogriffs
  4 dream sheep (Lair:6)
  A snapping turtle (Lair:4)
  3 redbacks (Lair:4)
  4 wyverns
  A vampire (D:11)
  3 basilisks
  A spriggan (shapeshifter) (D:14)
  A human (D:7)
  41 yaks
  2 fire bats (Volcano)
  4 wraiths
  4 hogs (D:7)
  A hungry ghost (D:9)
  A steam dragon (D:10)
  7 vampire mosquitoes (D:14)
  5 acid dragons
  A soldier ant (shapeshifter) (D:13)
  11 water moccasins
  2 soldier ants
  Duvessa (D:4)
  5 porcupines
  A phantom (D:5)
  3 orc warriors
  4 swamp drakes (Lair:6)
  5 sky beasts
  7 necrophages
  10 ice beasts
  8 ogres
  16 wolves
  18 centaurs
  28 crocodiles
  A big kobold (D:14)
  7 bullfrogs
  Blork the orc (D:5)
  2 gnoll sergeants
  Dowan (D:4)
  5 scorpions
  16 killer bees
  15 wights
  4 electric eels (Lair:4)
  3 crimson imps (D:5)
  5 lava snakes (Volcano)
  2 quasits
  6 bullfrog zombies
  3 jellies
  5 hounds
  6 orc priests
  9 orc wizards
  3 centaur skeletons
  5 iguanas
  6 worker ants
  A killer bee zombie (D:9)
  A hound zombie (D:11)
  Robin (D:3)
  2 worker ant zombies (D:11)
  9 gnolls
  2 howler monkey skeletons
  13 adders
  2 shadow imps
  5 oozes
  A dart slug (D:1)
  5 leopard geckos
  43 orcs
  A ball python (D:5)
  7 bats
  4 giant cockroaches
  12 hobgoblins
  9 jackals
  10 kobolds
  7 quokkas
  7 frilled lizards
  11 goblins
  6 rats
  A fungus (Lair:4)
610 creatures vanquished.

Vanquished Creatures (collateral kills)
  2 dream sheep (Lair:6)
  A plant (Lair:6)
3 creatures vanquished.

Vanquished Creatures (others)
  6 centaurs
  A hound (D:5)
  An adder (D:5)
  62 bushes (D:14)
  3 fulminant prisms
  27 fungi
  17 plants
117 creatures vanquished.

Grand Total: 730 creatures vanquished

Notes
Turn   | Place    | Note
-------+----------+-------------------------------------------
     0 | D:1      | CanOfBees the Draconian Conjurer began the quest for the
                  | Orb.
     0 | D:1      | Reached XP level 1. HP: 14/14 MP: 3/3
   323 | D:1      | Reached XP level 2. HP: 22/22 MP: 3/5
   345 | D:1      | Learned a level 2 spell: Searing Ray
  1024 | D:1      | Reached skill level 1 in Fighting
  1349 | D:1      | Reached XP level 3. HP: 28/28 MP: 3/6
  2530 | D:3      | Noticed Robin
  2539 | D:3      | Reached XP level 4. HP: 35/35 MP: 7/7
  2557 | D:3      | Killed Robin
  2727 | D:3      | Reached skill level 2 in Fighting
  2729 | D:3      | Noticed handsome's ghost (amateur OgHu)
  2772 | D:3      | Noticed a sky beast
  2775 | D:3      | Found a runed translucent gate.
  2775 | D:3      | Found a runed translucent gate.
  2776 | D:3      | Found a runed translucent gate.
  2842 | D:3      | Reached skill level 5 in Conjurations
  3043 | D:3      | Reached XP level 5. HP: 35/41 MP: 9/9
  3729 | D:4      | Found a glowing silver altar of Zin.
  3808 | D:4      | Noticed Duvessa
  3814 | D:4      | Noticed Dowan
  3824 | D:4      | Killed Duvessa
  3824 | D:4      | Reached XP level 6. HP: 22/50 MP: 5/10
  3826 | D:4      | Killed Dowan
  3826 | D:4      | Reached skill level 3 in Fighting
  4275 | D:4      | Found Pommef's Antique Armour Shop.
  4323 | D:4      | Bought a pair of gloves for 112 gold pieces
  4359 | D:4      | You fall into a shaft and drop 1 floor!
  4359 | D:5      | Entered Level 5 of the Dungeon
  4393 | D:5      | Your scales start taking on a fiery red colour.
  4393 | D:5      | Reached XP level 7. HP: 57/57 MP: 12/12
  4393 | D:5      | Gained mutation: Your flesh is heat resistant. (rF+) [Red
                  | Draconian growth]
  4546 | D:4      | Found a hide-covered altar of Uskayaw.
  4611 | D:4      | Found a shimmering blue altar of Sif Muna.
  4649 | D:4      | Found a shattered altar of Ashenzari.
  4884 | D:4      | Found a sacrificial altar of Ru.
  4954 | D:5      | Reached skill level 4 in Fighting
  5116 | D:5      | Reached XP level 8. HP: 67/67 MP: 14/14
  5149 | D:5      | Found a shimmering altar of Xom.
  5159 | D:5      | Reached skill level 1 in Maces & Flails
  5390 | D:5      | Noticed Blork the orc
  5408 | D:5      | Killed Blork the orc
  5438 | D:5      | Learned a level 4 spell: Iskenderun's Mystic Blast
  5573 | D:5      | Found a stormy altar of Qazlal.
  5794 | D:6      | Reached skill level 1 in Shields
  5804 | D:6      | Found a staircase to the Ecumenical Temple.
  5821 | Temple   | Entered the Ecumenical Temple
  5828 | Temple   | Became a worshipper of Warmaster Okawaru
  5956 | D:6      | Found a sparkling altar of Nemelex Xobeh.
  6125 | D:6      | Reached skill level 5 in Fighting
  6192 | D:6      | Found a burning altar of Makhleb.
  6238 | D:6      | Found an ancient bone altar of Kikubaaqudgha.
  6247 | D:6      | Noticed Prince Ribbit
  6251 | D:6      | Killed Prince Ribbit
  6251 | D:6      | Reached * piety under Okawaru
  6581 | D:6      | Found a white marble altar of Elyvilon.
  7255 | D:7      | Found a snail-covered altar of Cheibriados.
  7269 | D:7      | Found an opulent altar of Gozag.
  7373 | D:7      | Reached XP level 9. HP: 75/75 MP: 15/15
  7651 | D:7      | Reached skill level 6 in Fighting
  7694 | D:7      | Reached skill level 7 in Fighting
  7694 | D:7      | Reached skill level 5 in Maces & Flails
  7915 | D:8      | Found a transporter.
  7916 | D:8      | Noticed a two-headed ogre
  7919 | D:8      | Noticed a cyclops
  7923 | D:8      | Noticed operationiv's ghost (novice MiFi)
  7925 | D:8      | Found a transporter.
  8028 | D:8      | Reached ** piety under Okawaru
  8405 | D:8      | Noticed Erica
  8411 | D:8      | Killed Erica
  8411 | D:8      | Reached skill level 8 in Fighting
  8945 | D:8      | Learned a level 4 spell: Fulminant Prism
  8949 | D:8      | Learned a level 3 spell: Dazzling Flash
  8982 | D:9      | Noticed a troll
  9054 | D:9      | Noticed a two-headed ogre
  9071 | D:9      | Killed a two-headed ogre
  9071 | D:9      | Reached *** piety under Okawaru
  9071 | D:9      | Reached skill level 1 in Invocations
  9071 | D:9      | Reached XP level 10. HP: 60/90 MP: 0/16
  9214 | D:9      | Reached **** piety under Okawaru
  9360 | D:9      | Reached skill level 9 in Fighting
  9642 | D:9      | Reached skill level 5 in Spellcasting
 10049 | D:9      | Noticed a manticore
 10069 | D:9      | Killed a manticore
 10602 | D:9      | Reached ***** piety under Okawaru
 10712 | D:9      | Found a transporter.
 10712 | D:9      | Noticed Clumpoid's ghost (journeyman HOFi)
 10714 | D:9      | Noticed a deep troll
 10752 | D:9      | Found a transporter.
 10815 | D:10     | Entered Level 10 of the Dungeon
 11645 | D:10     | Found a staircase to the Lair.
 11990 | D:10     | Reached XP level 11. HP: 94/99 MP: 18/20
 12041 | D:10     | Reached skill level 5 in Invocations
 12061 | D:10     | Reached skill level 10 in Fighting
 12226 | D:10     | Reached skill level 1 in Hexes
 12494 | D:11     | Noticed a two-headed ogre
 12586 | Lair:1   | Entered Level 1 of the Lair of Beasts
 12601 | Lair:1   | Found a frozen archway.
 12640 | IceCv    | Entered an ice cave
 12933 | IceCv    | Noticed a white ugly thing
 12946 | IceCv    | Killed a white ugly thing
 13703 | IceCv    | Noticed a white ugly thing
 13721 | IceCv    | Killed a white ugly thing
 16061 | Lair:2   | Received a gift from Okawaru
 16359 | Lair:2   | Reached skill level 11 in Fighting
 16641 | Lair:2   | Reached skill level 1 in Translocations
 17165 | Lair:2   | Noticed a four-headed hydra
 17174 | Lair:2   | Killed a four-headed hydra
 17174 | Lair:2   | Reached XP level 12. HP: 80/110 MP: 15/21
 19036 | Lair:3   | Learned a level 1 spell: Corona
 19040 | Lair:3   | Learned a level 3 spell: Confuse
 19044 | Lair:3   | Learned a level 3 spell: Tukima's Dance
 19194 | Lair:3   | Noticed a six-headed hydra
 19200 | Lair:3   | Killed a six-headed hydra
 19378 | Lair:3   | Reached skill level 10 in Maces & Flails
 20087 | Lair:3   | Reached ****** piety under Okawaru
 21137 | Lair:4   | Noticed a death yak
 21165 | Lair:4   | Killed a death yak
 21165 | Lair:4   | Reached skill level 5 in Dodging
 21869 | Lair:4   | Reached skill level 12 in Fighting
 21907 | Lair:4   | Received a gift from Okawaru
 21912 | Lair:4   | Got a dazzling buckler {god gift}
 21929 | Lair:4   | Identified the +0 buckler "Licly" {rN+ rCorr Slay-2}
                  | (Okawaru gifted it to you on level 4 of the Lair of Beasts)
 22602 | Lair:4   | Found a staircase to the Shoals.
 22953 | Lair:4   | Noticed a five-headed hydra
 22964 | Lair:4   | Killed a five-headed hydra
 22964 | Lair:4   | Reached XP level 13. HP: 71/118 MP: 22/22
 23953 | Lair:4   | Found a hole to the Spider Nest.
 25980 | Lair:5   | Found a staircase to the Slime Pits.
 25980 | Lair:5   | Found a viscous altar of Jiyva.
 26298 | Lair:6   | Entered Level 6 of the Lair of Beasts
 26330 | Lair:6   | Found a dark tunnel.
 26339 | Volcano  | Entered a volcano
 26784 | Volcano  | Found a burning altar of Makhleb.
 26800 | Volcano  | Received a gift from Okawaru
 26813 | Volcano  | Got a twisted broad axe {god gift}
 27220 | Lair:6   | Reached skill level 10 in Conjurations
 27270 | Lair:6   | Reached skill level 13 in Fighting
 27392 | Lair:6   | Received a gift from Okawaru
 28382 | Lair:6   | Reached XP level 14. HP: 49/129 MP: 23/23
 30940 | D:11     | Reached skill level 14 in Fighting
 33333 | D:12     | Found a staircase to the Orcish Mines.
 33559 | D:12     | Reached skill level 5 in Hexes
 33573 | D:12     | Received a gift from Okawaru
 33799 | D:12     | Noticed Frances
 33813 | D:12     | Killed Frances
 34063 | Orc:1    | Entered Level 1 of the Orcish Mines
 36854 | D:13     | Reached skill level 10 in Dodging
 36980 | D:13     | Reached skill level 15 in Fighting
 37632 | D:14     | Received a gift from Okawaru
 37825 | D:14     | Noticed Rupert
 37840 | D:14     | Found a gate to the Vaults.
 37870 | D:14     | HP: 1/135 [wizard/bolt of cold (18)]
 37882 | D:14     | Reached XP level 15. HP: 43/141 MP: 17/24
 39226 | D:14     | Slain by an ogre mage

Levels and vault maps discovered:
D:1:      dpeg_arrival_rooms_c, layout_loops_ring, skrybe_limestone_x
D:2:      layout_basic
D:3:      layout_basic, gammafunk_ghost_split, uniq_robin
D:4:      layout_cave_pools, nicolae_overflow_hidden_temple,
          kennysheep_little_box, marbit_many_paths, old_standard_altar,
          lemuel_doored_altar, serial_shops, nicolae_shop_crystal, first_ration,
          chequers_serial_rivers_small_b, uniq_duvessa
D:5:      layout_cave_pools, xom_confusion_cloud, lemuel_coloured_pillars_altar,
          uniq_blork_the_orc
D:6:      layout_basic, nicolae_overflow_crystal_walls, kiku_gazebo_pond_becter,
          lemuel_round_altar, bloody_makhleb, temple_pool_b, uniq_prince_ribbit1
D:7:      layout_rooms, kennysheep_mini_moat, overflow_temple_1_default,
          grunt_livestock
D:8:      layout_basic, gammafunk_ghost_arena, uniq_erica
D:9:      layout_big_octagon, gammafunk_ghost_arena, st_stairs_5,
          kennysheep_potato
D:10:     layout_long_grid, erik_lair_dragon
D:11:     layout_stronghold, serial_undead, serial_undead_a, serial_undead_b,
          serial_undead_c, serial_undead_e, serial_undead_d, serial_undead_f,
          serial_undead_a
D:12:     layout_loops_corners, orc_0_dummy, uniq_frances
D:13:     layout_long_grid
D:14:     layout_basic, lightli_vaults_fourway_checkpoint, minmay_hedge_maze,
          uniq_rupert
Temple:   compressed_dpeg_triangle_lava_temple
Lair:1:   layout_loops_ring, portal_ice_cave_rime
Lair:2:   layout_regular_city
Lair:3:   layout_hall_layers, chequers_serial_rivers_large_a
Lair:4:   layout_regular_city, minmay_shoals_entry_hut,
          nicolae_spider_entry_tight_spaces, nicolae_quartered_pool_little,
          serial_bayou_lagoon_a, beast_lair_carwin_6, lemuel_fruit_tree
Lair:5:   layout_roguey, slime_altar_1
Lair:6:   guppyfry_lair_end_dragon, layout_regular_city,
          nicolae_volcano_entry_lava_flow
Orc:1:    layout_caves, serial_shops, shop, bh_open_orc_temple, uniq_josephine

Skill      XL: |  1  2  3  4  5  6  7  8  9 10 11 12 13 14 |
---------------+-------------------------------------------+-----
Dodging        | 2 3 4 5 8 10 | 10.9
Fighting       | 1 2 3 4 5 8 9 11 12 13 15 | 15.7
Conjurations   | 5 6 7 8 9 10 | 10.0
Spellcasting   | 3 4 6 |  6.0
Maces & Flails | 3 6 8 9 11 12 | 12.0
Shields        | 4 |  4.0
Invocations    | 1 4 7 8 |  8.0
Hexes          | 4 6 |  6.0
Translocations | 1 4 |  4.0
Stealth        | |  1.7

Action                   |  1- 3 |  4- 6 |  7- 9 | 10-12 | 13-15 || total
-------------------------+-------+-------+-------+-------+-------++-------
Melee: Unarmed           |    20 |       |       |       |       ||    20
       Tailslap          |     6 |    14 |    19 |    80 |   188 ||   307
       Dagger            |    56 |   128 |    36 |     9 |       ||   229
       Whip              |       |       |   173 |   741 |  1269 ||  2183
       Morningstar       |       |       |       |       |    10 ||    10
Throw: Stone             |     1 |    14 |       |    17 |    10 ||    42
       Dart              |       |     2 |     3 |    32 |    12 ||    49
       Boomerang         |       |       |       |     1 |     9 ||    10
       Javelin           |       |       |       |       |    10 ||    10
 Cast: Magic Dart        |    52 |     1 |    29 |    11 |    13 ||   106
       Searing Ray       |     2 |     3 |     1 |     1 |       ||     7
       Iskenderun's Myst |       |       |     2 |     2 |     4 ||     8
       Dazzling Flash    |       |       |       |       |    13 ||    13
       Confuse           |       |       |       |       |     4 ||     4
       Fulminant Prism   |       |       |       |       |     3 ||     3
Invok: Heroism           |       |       |     1 |     6 |    17 ||    24
       Finesse           |       |       |       |     4 |    10 ||    14
 Abil: Breathe Fire      |       |       |    19 |    49 |    58 ||   126
Evoke: Wand              |       |     5 |     4 |     2 |    25 ||    36
       Fan of gales      |       |       |       |       |     1 ||     1
  Use: Scroll            |     3 |     1 |    12 |    14 |    12 ||    42
       Potion            |       |       |       |     8 |    13 ||    21
 Stab: Sleeping          |       |     4 |     3 |     6 |     2 ||    15
       Invisible         |       |       |       |     4 |    17 ||    21
       Petrified         |       |       |       |       |     9 ||     9
       Confused          |       |       |       |       |     6 ||     6
  Eat: Chunk             |     6 |     6 |    18 |    39 |    40 ||   109
       Ration            |       |       |       |     4 |     7 ||    11
Armor: Skin              |    29 |    47 |    46 |   147 |   166 ||   435
Dodge: Dodged            |    71 |    69 |   111 |   311 |   630 ||  1192
Block: Buckler           |       |       |    43 |   278 |   554 ||   875
       Reflection        |       |       |       |       |    41 ||    41

Table legend:
 A = Non-vault XP
 B = Vault XP
 C = Vault XP percentage of total XP
 D = Non-vault monster count
 E = Vault monster count
 F = Vault count percentage of total count
                 A         B        C        D         E       F
            +---------+---------+-------+---------+---------+-------
      Total |   85305 |   25942 |  23.3 |     502 |     115 |  18.6
            +---------+---------+-------+---------+---------+-------
        D:1 |      42 |       0 |   0.0 |      23 |       0 |   0.0
        D:2 |      42 |       0 |   0.0 |      11 |       0 |   0.0
        D:3 |      93 |      36 |  27.9 |      23 |      11 |  32.4
        D:4 |     218 |     266 |  55.0 |      16 |       3 |  15.8
        D:5 |     850 |     155 |  15.4 |      21 |       3 |  12.5
        D:6 |     460 |     286 |  38.3 |      16 |       1 |   5.9
        D:7 |     537 |     957 |  64.1 |      17 |       5 |  22.7
        D:8 |     668 |     897 |  57.3 |      15 |       1 |   6.2
        D:9 |    2508 |    1041 |  29.3 |      26 |       7 |  21.2
       D:10 |    2317 |     709 |  23.4 |      29 |       5 |  14.7
       D:11 |    3179 |     953 |  23.1 |      22 |      13 |  37.1
       D:12 |    6086 |    2071 |  25.4 |      32 |       1 |   3.0
       D:13 |   13235 |       0 |   0.0 |      53 |       0 |   0.0
       D:14 |   12138 |    4054 |  25.0 |      34 |      10 |  22.7
     Lair:1 |    4297 |     758 |  15.0 |      18 |       2 |  10.0
     Lair:2 |    4787 |       0 |   0.0 |      22 |       0 |   0.0
     Lair:3 |    6951 |       0 |   0.0 |      21 |       0 |   0.0
     Lair:4 |   10039 |    3899 |  28.0 |      39 |      13 |  25.0
     Lair:5 |    3555 |       0 |   0.0 |      14 |       0 |   0.0
     Lair:6 |   13303 |    3425 |  20.5 |      50 |      16 |  24.2
      IceCv |       0 |    2287 | 100.0 |       0 |       9 | 100.0
    Volcano |       0 |    4148 | 100.0 |       0 |      15 | 100.0
            +---------+---------+-------+---------+---------+-------
